 Dungeon Crawl Stone Soup version 0.30-a0-964-gd452b5e7fa (webtiles) character file.

Game seed: 5086018463167660188

1254 vishdafish the Destroyer (level 8, 0/52 HPs)
             Began as a Demonspawn Conjurer on Mar 30, 2023.
             Killed by miscasting Iskenderun's Mystic Blast (13 damage)
             ... on level 5 of the Dungeon.
             The game lasted 00:06:12 (4706 turns).

vishdafish the Destroyer (Demonspawn Conjurer)      Turns: 4706, Time: 00:06:13

Health: 0/52       AC:  5    Str:  9    XL:     8   Next: 26%
Magic:  6/18       EV: 12    Int: 21    God:
Gold:   165        SH:  0    Dex: 11    Spells: 11/20 levels left

rFire   . . .      SeeInvis .    r - +2 trident (venom)
rCold   . . .      Faith    .    (no shield)
rNeg    . . .      Spirit   .    a - +0 robe
rPois   .          Reflect  .    (helmet restricted)
rElec   .          Rampage  .    (no cloak)
rCorr   .                        (no gloves)
Will    .....                    (no boots)
Stlth   ++                       (no amulet)
HPRegen 0.28/turn                (no ring)
MPRegen 0.16/turn                (no ring)

@: brilliant, very slightly contaminated
A: antennae 1, slimy green scales 2
a: no special abilities


You were on level 5 of the Dungeon.
You visited 1 branch of the dungeon, and saw 5 of its levels.

You collected 165 gold pieces.

Inventory:

Hand Weapons
 e - a +0 dagger
 g - a +0 whip of venom
 r - a +2 trident of venom (weapon)
Armour
 a - a +0 robe (worn)
Jewellery
 s - an amulet of reflection
 v - a ring of fire
 x - an amulet of guardian spirit
Wands
 w - a wand of mindburst (12)
Scrolls
 c - 2 scrolls of fear {unknown}
 f - a scroll of vulnerability {unknown}
 h - a scroll of magic mapping {unknown}
 i - 2 scrolls of identify
 k - a scroll of blinking {unknown}
 l - 2 scrolls of poison {unknown}
 q - a scroll of amnesia {unknown}
 t - a scroll of fog {unknown}
Potions
 b - 2 potions of magic
 d - a potion of mutation
 j - a potion of cancellation
 m - 4 potions of curing
 n - a potion of degeneration
 o - 3 potions of resistance
 p - a potion of brilliance
 u - a potion of heal wounds


   Skills:
 - Level 1.7 Dodging
 - Level 1.7 Stealth
 + Level 6.7 Spellcasting
 + Level 8.1 Conjurations


You had 11 spell levels left.
You knew the following spells:

 Your Spells              Type           Power      Damage    Failure   Level
a - Magic Dart            Conj           100%       1d8       1%          1
b - Fulminant Prism       Conj/Hex       18%        3d11      17%         4
c - Iskenderun's Mystic   Conj/Tloc      36%        2d9       17%         4

Your spell library contained the following spells:

 Spells                   Type           Power      Damage    Failure   Level
 Searing Ray              Conj           100%       2d8       1%          2
 Dazzling Flash           Conj/Hex       72%        N/A       4%          3
 Ozocubu's Armour         Ice            10%        N/A       26%         3
 Portal Projectile        Hex/Tloc       20%        N/A       26%         3
 Tukima's Dance           Hex            10%        N/A       26%         3
 Blade Hands              Tmut           5%         N/A       94%         5
 Ozocubu's Refrigeration  Ice            5%         4d8       100%        7


Dungeon Overview and Level Annotations

Branches:
Dungeon (5/15)
 Temple: D:4-7

Altars:
Dithmenos

Shops:
D:2 [

Annotations:
D:3 3 runed translucent doors, Reshi88's ghost, amateur FoFi; Takeo's ghost, amateur KoGl


Innate Abilities, Weirdness & Mutations

You have a pair of small antennae on your head.
You are mostly covered in slimy green scales. (AC +3)


Message History

You feel a surge of power!
The magic dart hits Duvessa.
Duvessa is almost dead.
An orc comes into view. It is wielding a +0 falchion.
Duvessa rages.
Your magical contamination has completely faded away.
You barely miss Duvessa.
Duvessa is almost dead.
Duvessa hits you with a +3 short sword of venom!!
* * * LOW HITPOINT WARNING * * *
You are lethally poisoned!
Duvessa barely misses you.
Casting: Magic Dart (safe; 1% risk of failure)
Confirm with . or Enter, or press ? or * to list all spells.
The spell is quite dangerous to miscast (19% risk of failure)!
Continue anyway? [Y]es or [N]o only, please.
The spell is quite dangerous to miscast (19% risk of failure)!
Continue anyway?
You feel a surge of power!
You erupt in a blast of force!
The mystic blast hits Duvessa!
You kill Duvessa!
* * * LOW HITPOINT WARNING * * *
You feel extremely sick.
You feel better.
An orc comes into view. It is wielding a +0 hand axe.
You are too injured to fight recklessly!
You are too injured to fight recklessly!
You are too injured to fight recklessly!
An orc comes into view. It is wielding a +0 whip.
Things that are here:
a +3 short sword of venom; a +0 leather armour; the elf corpse of Duvessa You barely miss the orc.
The orc hits you with a +0 falchion.
* * * LOW HITPOINT WARNING * * *
A scorpion comes into view.
You closely miss the orc. The orc barely misses you.
Casting: Iskenderun's Mystic Blast (quite dangerous; 17% risk of failure)
Confirm with . or Enter, or press ? or * to list all spells.
The spell is quite dangerous to miscast (17% risk of failure)!
Continue anyway?
You feel a surge of power!
You miscast Iskenderun's Mystic Blast.
You are very lightly contaminated with residual magic.
A wave of violent energy washes through your body!
You die...

#....###.......## .
#....##.........#### ..
#....[..........#...
.##....#..............
.o....##....†.....# ..
#..).##..........# ..
#.o..###........##..
#o####........##...
#.@.##.#.........#
###.#.<#.##.##.#..
######.#.##.##..#.# #
...............#...####
#######...##.#.........
##s.##.######....
#...#.# #.... ..#...#
{###.. .####... #.#


You could see a scorpion and 3 orcs.

Vanquished Creatures
  Pikel (D:4)
  Grinder (D:3)
  Eustachio (D:5)
  Duvessa (D:5)
  A scorpion (D:3)
  Dowan (D:5)
  Ijyb (D:4)
  Terence (D:3)
  Robin (D:2)
  7 gnolls
  5 adders
  A dart slug (D:2)
  6 orcs
  9 bats
  6 endoplasms
  3 giant cockroaches
  15 goblins
  5 hobgoblins
  4 jackals (D:1)
  8 quokkas
  5 ball pythons
  6 frilled lizards
  9 kobolds
  5 rats
103 creatures vanquished.

Vanquished Creatures (others)
  2 fulminant prisms (D:5)
2 creatures vanquished.

Grand Total: 105 creatures vanquished

Notes
Turn   | Place    | Note
-------+----------+-------------------------------------------
     0 | D:1      | vishdafish the Demonspawn Conjurer began the quest for the
                  | Orb.
     0 | D:1      | Reached XP level 1. HP: 13/13 MP: 3/3
   458 | D:1      | Gained mutation: You are partially covered in slimy green
                  | scales. (AC +2) [demonic ancestry]
   458 | D:1      | Reached XP level 2. HP: 19/19 MP: 3/5
   873 | D:1      | Gained mutation: You have a pair of small antennae on your
                  | head. [demonic ancestry]
   873 | D:1      | Reached XP level 3. HP: 22/24 MP: 7/7
  1214 | D:2      | Found Eredwufiarph's Antique Armour Shop.
  1308 | D:1      | Reached XP level 4. HP: 19/30 MP: 8/8
  1320 | D:2      | Noticed Robin
  1386 | D:1      | Reached skill level 5 in Conjurations
  1719 | D:2      | Gained mutation: You are mostly covered in slimy green
                  | scales. (AC +3) [demonic ancestry]
  1719 | D:2      | Reached XP level 5. HP: 35/35 MP: 6/10
  1736 | D:2      | Killed Robin
  2235 | D:3      | Noticed Grinder
  2235 | D:3      | Found a runed translucent gate.
  2235 | D:3      | Found a runed translucent gate.
  2235 | D:3      | Found a runed translucent gate.
  2236 | D:3      | Paralysed by Grinder for 4 turns
  2452 | D:3      | Killed Grinder
  2453 | D:3      | Reached skill level 6 in Conjurations
  2453 | D:3      | Reached XP level 6. HP: 27/41 MP: 1/13
  2541 | D:3      | Noticed Takeo's ghost (amateur KoGl)
  2541 | D:3      | Noticed Reshi88's ghost (amateur FoFi)
  2637 | D:3      | Found a shadowy altar of Dithmenos.
  2838 | D:3      | Noticed Terence
  2847 | D:3      | Killed Terence
  3226 | D:3      | Identified the +5 scale mail "Sanif" {rC+}
  3432 | D:3      | HP: 2/41 [poisoned by a scorpion]
  3433 | D:3      | Reached skill level 5 in Spellcasting
  4083 | D:4      | Noticed Pikel
  4095 | D:4      | Killed Pikel
  4096 | D:4      | Reached skill level 7 in Conjurations
  4096 | D:4      | Reached XP level 7. HP: 31/46 MP: 8/16
  4268 | D:4      | Noticed Ijyb
  4276 | D:4      | Killed Ijyb
  4509 | D:5      | Entered Level 5 of the Dungeon
  4509 | D:5      | Noticed Eustachio
  4526 | D:5      | Killed Eustachio
  4527 | D:5      | Reached XP level 8. HP: 42/52 MP: 14/17
  4670 | D:5      | Noticed Duvessa
  4670 | D:5      | Noticed Dowan
  4679 | D:5      | Learned a level 4 spell: Fulminant Prism
  4684 | D:5      | Learned a level 4 spell: Iskenderun's Mystic Blast
  4694 | D:5      | Killed Dowan
  4695 | D:5      | Reached skill level 8 in Conjurations
  4701 | D:5      | Killed Duvessa
  4706 | D:5      | Killed by miscasting Iskenderun's Mystic Blast

Illustrated notes

Levels and vault maps discovered:
D:1:      lemuel_arrival_cross, layout_loops_corners, minmay_misc_feat_iff
D:2:      layout_rooms, serial_shops, nicolae_shop_waterfront, uniq_robin
D:3:      layout_basic, nicolae_dithmenos_the_darkroom,
          gammafunk_ghost_cemetery, grunt_decor_junction, uniq_grinder,
          uniq_terence
D:4:      layout_rooms, uniq_ijyb, uniq_pikel
D:5:      layout_rooms, ebering_ghost_sewer_d, uniq_eustachio, uniq_duvessa

Skill      XL: |  1  2  3  4  5  6  7  8 |
---------------+-------------------------+-----
Spellcasting   | 3 4 6 |  6.7
Conjurations   | 5 6 7 8 |  8.1
Dodging        | |  1.7
Stealth        | |  1.7

Action                     |  1- 3 |  4- 6 |  7- 9 || total
---------------------------+-------+-------+-------++-------
  Melee: Whip              |    95 |    85 |       ||   180
         Punch             |     2 |     1 |     1 ||     4
         Trident           |       |    27 |    33 ||    60
   Cast: Magic Dart        |    26 |    94 |     8 ||   128
         Iskenderun's Myst |       |       |     2 ||     2
         Fulminant Prism   |       |       |     2 ||     2
    Use: Potion            |       |     1 |     2 ||     3
         Scroll            |       |       |     5 ||     5
   Stab: Sleeping          |     3 |     1 |     2 ||     6
 Armour: Robe              |    47 |    63 |     5 ||   115
  Dodge: Dodged            |   100 |   113 |    10 ||   223

Table legend: (Time is in decaauts)
 A = Elapsed time spent in this place.
 B = Non-inter-level travel time spent in this place.
 C = Inter-level travel time spent in this place.
 D = Time resting spent in this place.
 E = Time spent auto-exploring this place.
 F = Levels seen in this place.
 G = Mean time per level.
                   A        B        C        D        E       F      G
               +--------+--------+--------+--------+--------+-----+--------+
         Total |   4747 |   4582 |    165 |    376 |   3442 |   5 |  949.4 |
       Dungeon |   4747 |   4582 |    165 |    376 |   3442 |   5 |  949.4 |
               +--------+--------+--------+--------+--------+-----+--------+

Top non-repeatable levels by time:
     D:1: 1669 daAuts
     D:3: 1375 daAuts
     D:2: 783 daAuts
     D:4: 717 daAuts
     D:5: 202 daAuts
